 Dungeon Crawl Stone Soup version 0.31.0-11-ge490571c62 (webtiles) character file.

Game seed: 877450282795401538

1852 cdecastro the Grappler (level 8, -4/59 HPs)
             Began as a Red Draconian Shapeshifter on Jan 26, 2024.
             Shot with a sling bullet by Joseph (14 damage)
             ... on level 7 of the Dungeon.
             The game lasted 00:13:38 (6164 turns).

cdecastro the Grappler (Red Draconian Shapeshifter) Turns: 6164, Time: 00:13:39

Health: -4/59      AC:  6    Str: 16    XL:     8   Next: 88%
Magic:  3/8        EV: 12    Int: 12    God:
Gold:   0          SH:  0    Dex: 12    Spells: 7/7 levels left

rFire   + .          .
                       - Unarmed
rCold   . . .        (no shield)
rNeg    + . .        (body armour unavailable)
rPois   .            (helmet currently unavailable)
rElec   .            (cloak currently unavailable)
rCorr   .            (gloves currently unavailable)
SInv    .            (boots currently unavailable)
Will    ++...        (no amulet)
Stlth   +            w - +4 ring of slaying
HPRegen 0.29/turn    h - ring "Imociy Ukylu" {rN+ Will++}
MPRegen 0.11/turn

%: no passive effects
@: beast-form
A: beast (slay +3), breathe fire, AC +6, unfitting armour, fire resistance 1,
cold-blooded
a: Breathe Fire, Begin Untransformation


You were on level 7 of the Dungeon.
You were a hulking beast.
You visited 1 branch of the dungeon, and saw 7 of its levels.
You also visited: Sewer.

You collected 304 gold pieces.
You spent 304 gold pieces at shops.

Inventory:

Jewellery
 h - the ring "Imociy Ukylu" (right hand) {rN+ Will++}
   (You found it on level 2 of the Dungeon)

   [ring of positive energy]

   rN+:       It protects you from negative energy.
   Will++:    It greatly increases your willpower.
 w - a +4 ring of slaying (left hand)
 x - a ring of protection from fire
Talismans
 b - a beast talisman
 c - a flux talisman
 G - a granite talisman
Wands
 j - a wand of polymorph (18)
 B - a wand of roots (8)
Scrolls
 d - 9 scrolls of identify
 k - 3 scrolls of vulnerability {unknown}
 l - 2 scrolls of blinking {unknown}
 o - 2 scrolls of torment {unknown}
 p - a scroll of brand weapon {unknown}
 q - a scroll of immolation {unknown}
 r - 4 scrolls of teleportation
 s - a scroll of enchant weapon
 t - a scroll of revelation
 v - 2 scrolls of enchant armour {unknown}
 y - a scroll of noise {unknown}
 D - 2 scrolls of amnesia {unknown}
 E - 2 scrolls of poison {unknown}
 F - a scroll of fog {unknown}
Potions
 a - a potion of lignification
 e - 3 potions of curing {unknown}
 g - 3 potions of enlightenment {unknown}
 i - 3 potions of heal wounds {unknown}
 m - 2 potions of attraction {unknown}
 n - 4 potions of might {unknown}
 u - 3 potions of degeneration {unknown}
 z - 2 potions of resistance {unknown}
 A - 2 potions of cancellation {unknown}
 C - a potion of brilliance {unknown}


   Skills:
 - Level 1.1 Fighting
 - Level 1.7 Dodging
 * Level 9.9 Unarmed Combat
 + Level 6.8 Shapeshifting


You had 7 spell levels left.
You didn't know any spells.
Your spell library contained the following spells:

 Spells                   Type           Power      Damage    Failure   Level
 Apportation              Tloc           0%         N/A       32%         1
 Magic Dart               Conj           0%         1d3       32%         1
 Blink                    Tloc           0%         N/A       45%         2
 Call Imp                 Summ           0%         N/A       45%         2
 Jinxbite                 Hex            0%         N/A       45%         2
 Dazzling Flash           Conj/Hex       0%         N/A       69%         3
 Fugue of the Fallen      Necr           0%         N/A       69%         3
 Gell's Gravitas          Tloc           0%         N/A       69%         3
 Mephitic Cloud           Conj/Alch/Air  0%         N/A       69%         3
 Ozocubu's Armour         Ice            0%         N/A       69%         3
 Teleport Other           Tloc           0%         N/A       69%         3
 Manifold Assault         Tloc           0%         N/A       97%         4
 Alistair's Intoxication  Alch           0%         N/A       100%        5
 Borgnjor's Vile Clutch   Necr/Erth      0%         N/A       100%        5
 Curse of Agony           Necr           0%         N/A       100%        5
 Silence                  Hex/Air        0%         N/A       100%        5
 Dispersal                Tloc           0%         N/A       100%        6
 Eringya's Noxious Bog    Alch           0%         4d6       100%        6


Dungeon Overview and Level Annotations

Branches:
Dungeon (7/15)              Sewer (visited)
 Temple: D:4-7

Altars:
Nemelex Xobeh
Xom
Zin

Shops:
D:1 :   D:2 =[   D:4 ?(   D:5 *

Annotations:
D:6 1 runed translucent door, osinmv's ghost, novice MiMo
D:7 Joseph; Maggie


Innate Abilities, Weirdness & Mutations

You are a hulking beast.
Your limbs bulge with bestial killing power. (Slay +3)
You can breathe blasts of fire.
Your fiery red scales are hard. (AC +6)
You cannot fit into any form of body armour.
Your flesh is heat resistant. (rF+)
You are cold-blooded and may be slowed by cold attacks.


Message History

Something drains your magic.
Unknown command.
Unknown command.
Unknown command.
You barely miss something.
Your tail-slap misses something.
Something hits you. Something steals your ring of wizardry!
Something bites you!
You feel your power leaking away. Something drains your magic.
Unknown command.
Unknown command.
You miss something.
Your tail-slap misses something.
Something hits you!
* * * LOW HITPOINT WARNING * * *
Something steals 30 gold pieces!
You now have 0 gold pieces.
Something bites you but does no damage.
Unknown command.
Unknown command.
You punch something!
Reactivating autopickup.
You feel a bit more experienced.
Unknown command.
Unknown command.
You start resting.
You have got your breath back.
You start resting.
Joseph, a Mercenary comes into view.
He is wielding a +0 quarterstaff.
An ufetubus comes into view.
Joseph shouts!
You hear a shout!
Joseph unwields a +0 quarterstaff.
Joseph wields a +0 sling.
Joseph shoots a sling bullet.
The sling bullet hits you!
* * * LOW HITPOINT WARNING * * *
The ufetubus shouts!
Okay, then.
Unknown command.
Aiming: Fastroot
Press: ? - help, Shift-Dir - straight line The roots erupt in riotous growth!
Roots grab Joseph.
The grasping roots constrict Joseph.
Joseph shoots a sling bullet.
The sling bullet hits you!
You die...

..#....##..........
...................
.................#.
##.................
#@.........)...##..5....
#......... #$#+##.......
#......... #........@...
#........ #......#....
+........ #..h...# .
#.......####......#
#.................#
#..######.####
#.......#.# #.......#†#
#.#.#####.#
########.#....<#.#
#........#######.#


You could see Joseph (rooted) and an ufetubus.

Vanquished Creatures
  Maurice (D:7)
  An ice beast (D:6)
  A black bear (D:4)
  2 ogres
  A centaur (D:6)
  A phantom (D:7)
  A kobold brigand (Sewer)
  A scorpion (D:4)
  A jelly (D:5)
  4 orc priests
  5 hounds
  3 iguanas (D:5)
  Jessica (D:2)
  6 orc wizards
  Robin (D:2)
  4 gnolls
  5 adders
  5 river rats (Sewer)
  A white imp (D:4)
  5 dart slugs
  2 ribbon worms
  15 orcs
  6 bats
  7 endoplasms
  2 giant cockroaches
  19 goblins
  10 hobgoblins
  17 kobolds
  5 quokkas
  8 ball pythons
  4 frilled lizards
  23 rats
168 creatures vanquished.

Vanquished Creatures (others)
  An angel (D:4)
1 creature vanquished.

Grand Total: 169 creatures vanquished

Notes
Turn   | Place    | Note
-------+----------+-------------------------------------------
     0 | D:1      | cdecastro the Draconian Shapeshifter began the quest for
                  | the Orb.
     0 | D:1      | Reached XP level 1. HP: 16/16 MP: 1/1
   209 | D:1      | Reached XP level 2. HP: 23/23 MP: 2/2
   335 | D:1      | Found Raed's Book Shoppe.
   820 | D:2      | Noticed Robin
   918 | D:1      | Reached XP level 3. HP: 25/28 MP: 3/3
   933 | D:2      | Killed Robin
   934 | D:2      | Reached skill level 4 in Unarmed Combat
   962 | D:2      | Identified the ring "Imociy Ukylu" {rN+ Will++}
  1010 | D:2      | Found a transporter.
  1082 | D:2      | Found Enoshuw's Jewellery Shop.
  1127 | D:2      | Found Caleapo's Armour Boutique.
  1258 | D:2      | You fall into a shaft and drop 2 floors!
  1287 | D:4      | Reached XP level 4. HP: 28/35 MP: 4/4
  1531 | D:3      | Reached skill level 5 in Unarmed Combat
  1531 | D:3      | Reached XP level 5. HP: 37/40 MP: 5/5
  1816 | D:2      | Found a transporter.
  2062 | D:2      | Noticed Jessica
  2074 | D:2      | Killed Jessica
  2731 | D:4      | Found Reimual's Magic Scroll Emporium.
  2942 | D:4      | Bought a scroll of identify for 22 gold pieces
  2942 | D:4      | Bought a scroll of teleportation for 33 gold pieces
  2942 | D:4      | Bought a scroll of enchant weapon for 82 gold pieces
  2942 | D:4      | Bought a scroll of revelation for 82 gold pieces
  2942 | D:4      | Bought a scroll of identify for 22 gold pieces
  2994 | D:4      | Reached XP level 6. HP: 42/47 MP: 6/6
  3010 | D:4      | Killed an angel
  3148 | D:4      | Found a glowing silver altar of Zin.
  3148 | D:4      | Found a shimmering altar of Xom.
  3305 | D:4      | Reached skill level 6 in Unarmed Combat
  3671 | D:4      | Found Iluzoudy's Weapon Shop.
  3917 | D:5      | Entered Level 5 of the Dungeon
  3939 | D:5      | Found a glowing drain.
  3949 | Sewer    | Entered a sewer
  4208 | Sewer    | Your scales start taking on a fiery red colour.
  4208 | Sewer    | Reached XP level 7. HP: 52/52 MP: 7/7
  4208 | Sewer    | Gained mutation: Your flesh is heat resistant. (rF+) [Red
                  | Draconian growth]
  4407 | Sewer    | Reached skill level 7 in Unarmed Combat
  4407 | Sewer    | Reached skill level 5 in Shapeshifting
  4844 | D:5      | Found Diqikixim's Assorted Antiques.
  4852 | D:5      | Bought a fizzy ruby potion for 19 gold pieces
  4852 | D:5      | Bought a scroll labelled EGUSEI ESUECWI for 22 gold pieces
  4852 | D:5      | Bought a scroll labelled EGUSEI ESUECWI for 22 gold pieces
  5289 | D:5      | Reached skill level 8 in Unarmed Combat
  5392 | D:6      | Reached XP level 8. HP: 55/59 MP: 8/8
  5771 | D:6      | Reached skill level 9 in Unarmed Combat
  5842 | D:6      | Found a sparkling altar of Nemelex Xobeh.
  5960 | D:6      | Found a runed translucent door.
  5960 | D:6      | Noticed osinmv's ghost (novice MiMo)
  6042 | D:7      | Noticed Maggie
  6146 | D:7      | Noticed Maurice
  6150 | D:7      | Something stole a beast talisman
  6152 | D:7      | Something stole a ring of wizardry
  6153 | D:7      | Something stole 30 gold
  6154 | D:7      | Killed Maurice
  6162 | D:7      | Noticed Joseph
  6164 | D:7      | Shot with a sling bullet by Joseph

Illustrated notes

Levels and vault maps discovered:
D:1:      hellmonk_arrival_library, layout_loops_ring, serial_shops,
          nicolae_shop_tiny_real_fake_doors
D:2:      layout_loops_ring, serial_shops, nicolae_shop_drivethru, shop,
          hangedman_decor_push, uniq_robin, uniq_jessica
D:3:      layout_loops_ring, small_statue_intersection, minivault_5
D:4:      minmay_opposing_rooms, layout_loops_cross,
          grunt_temple_overflow_order_and_chaos_1, serial_shops,
          nicolae_shop_hallway_stairs, shop, nicolae_zig_zag_zippers
D:5:      layout_rooms, serial_shops, nicolae_shop_gibbet_a_chance,
          mainiacjoe_sewer_entry_somewhere_in_here_1
D:6:      layout_cave_pools, nemelex_dance_club_becter, gammafunk_ghost_grave
D:7:      layout_basic, temple_doors_e, uniq_maurice, uniq_maggie, uniq_joseph

Skill      XL: |  1  2  3  4  5  6  7  8 |
---------------+-------------------------+-----
Unarmed Combat | 4 5 6 8 9 |  9.9
Shapeshifting  | 4 5 6 |  6.8
Fighting       | |  1.1
Dodging        | |  1.7

Action                     |  1- 3 |  4- 6 |  7- 9 || total
---------------------------+-------+-------+-------++-------
  Melee: Unarmed           |    89 |   185 |   138 ||   412
         Tailslap          |     8 |    20 |    17 ||    45
         Punch             |     1 |     4 |     3 ||     8
Ability: Breathe Fire      |       |       |     6 ||     6
  Evoke: Wand              |       |       |     1 ||     1
   Stab: Sleeping          |     2 |       |       ||     2
 Armour: Skin              |    62 |    85 |    67 ||   214
  Dodge: Dodged            |    62 |    91 |    60 ||   213
